 Dungeon Crawl Stone Soup version 0.20.1-1-g8b1a95d (webtiles) character file.

215 epen the Poker (level 5, -9/63 HPs)
             Began as a Merfolk Abyssal Knight on Aug 12, 2017.
             Was a Priest of Lugonu.
             Splashed by Ijyb's acid (12 damage)
             ... on level 3 of the Dungeon.
             The game lasted 00:06:47 (2852 turns).

epen the Poker (Merfolk Abyssal Knight)             Turns: 2852, Time: 00:06:47

Health: -9/63      AC:  5    Str: 19    XL:     5   Next: 92%
Magic:  7/7        EV: 12    Int: 11    God:    Lugonu [***...]
Gold:   115        SH:  0    Dex: 13    Spells: 4/4 levels left

rFire    . . .     SeeInvis .   a - +1 spear
rCold    . . .     Gourm    .   (no shield)
rNeg     . . .     Faith    .   o - +0 ring mail
rPois    .         Spirit   .   l - +1 helmet
rElec    .         Reflect  .   (no cloak)
rCorr    .         Harm     .   (no gloves)
MR       .....                  (no boots)
Stlth    ..........             (no amulet)
Regen    0.2/turn               f - +6 ring of protection
MPRegen  0.1/turn               (no ring)

@: berserking, corroded, very quick
A: change form in water, swift swim, stealthy swim
a: Depart the Abyss, Bend Space, Banish, Renounce Religion


You were on level 3 of the Dungeon.
You worshipped Lugonu.
Lugonu was most pleased with you.
You were not hungry.

You visited 1 branch of the dungeon, and saw 3 of its levels.
You visited the Abyss 1 time.

You collected 115 gold pieces.

Inventory:

Hand Weapons
 a - a +1 spear (weapon)
Missiles
 k - a throwing net (quivered)
Armour
 b - a +0 leather armour
 h - a +0 helmet
 l - a +1 helmet (worn)
 o - a +0 ring mail (worn)
Jewellery
 f - a +6 ring of protection (left hand)
 q - a cursed -5 ring of protection
Scrolls
 g - 2 scrolls of identify {unknown}
 m - a scroll of recharging {unknown}
 r - a scroll of noise {unknown}
 s - a scroll of remove curse {unknown}
Potions
 e - a potion of magic {unknown}
 p - a potion of ambrosia {unknown}
 t - a potion of flight {unknown}
Comestibles
 c - 3 bread rations
 i - 2 meat rations
 j - 5 chunks of flesh
 n - a royal jelly


   Skills:
 + Level 4.2 Fighting
 * Level 5.3 Polearms
 + Level 1.6 Armour
 + Level 3.3 Dodging
 * Level 3.6 Invocations


You had 4 spell levels left.
You didn't know any spells.

Dungeon Overview and Level Annotations

Branches:
Dungeon (3/15)

Altars:

Annotations:
D:3 Ijyb


Message History

Ijyb hits you with an enchanted club.
You hit Ijyb but do no damage.
Ijyb is lightly wounded.
Your ring mail prevents you from hitting Ijyb.
Ijyb is lightly wounded.
Ijyb zaps a wand.
The bolt of acid hits you! The acid corrodes you!
You are splashed with acid!
The acid burns!
You are too injured to fight recklessly!
You are too injured to fight recklessly!
You are too injured to fight recklessly!
It was a potion of berserk rage.
A red film seems to cover your vision as you go berserk!
You feel yourself moving faster!
You feel mighty!
Ijyb zaps a wand.
The bolt of acid misses you.
You closely miss Ijyb.
Ijyb is lightly wounded.
Ijyb zaps a wand.
The bolt of acid hits you!
* * * LOW HITPOINT WARNING * * *
The acid corrodes you!
You are splashed with acid!
The acid burns!
You die...

##### #...# #.#.#
#.#.# #.#.#
##########.#.########
#gKg@......#.#.......
#.##########.#.#####.
#............ #.#.#
#. #............
#.#.#####.
#........######
#....##... #.#.....##
#..#....#. # #.....#
##.).####. #####..
##.## #. #.# #.# #.


You could see Ijyb, a hobgoblin and a kobold.

Vanquished Creatures
  An orc wizard (D:3)
  Robin (D:2)
  3 gnolls (D:2)
  3 adders
  2 oozes (D:1)
  2 worms
  2 dart slugs
  2 leopard geckos
  9 orcs (D:3)
  8 bats
  5 giant cockroaches
  16 goblins
  10 hobgoblins
  8 jackals (D:2)
  2 quokkas (D:3)
  A ball python (D:3)
  2 frilled lizards
  8 kobolds
  8 rats
93 creatures vanquished.

Notes
Turn   | Place    | Note
-------+----------+-------------------------------------------
     0 | Abyss:1  | epen the Merfolk Abyssal Knight began the quest for the Orb.
     0 | Abyss:1  | Reached XP level 1. HP: 18/18 MP: 2/2
    33 | Abyss:1  | Noticed a hog
    33 | D:1      | Escaped the Abyss
    97 | D:1      | Reached XP level 2. HP: 17/24 MP: 3/3
   341 | D:1      | Reached XP level 3. HP: 29/30 MP: 4/4
   365 | D:1      | Reached ** piety under Lugonu
   365 | D:1      | Reached skill level 1 in Armour
   783 | D:2      | Reached skill level 4 in Polearms
   814 | D:2      | Reached XP level 4. HP: 33/37 MP: 6/6
  1041 | D:2      | Noticed Robin
  1053 | D:2      | Killed Robin
  1437 | D:2      | Reached XP level 5. HP: 40/42 MP: 7/7
  2051 | D:3      | Reached *** piety under Lugonu
  2429 | D:3      | Reached skill level 5 in Polearms
  2838 | D:3      | Noticed Ijyb
  2852 | D:3      | HP: 3/63 [Ijyb/wand of acid (?/15) (19)]
  2852 | D:3      | Splashed by Ijyb's acid

Skill      XL: |  1  2  3  4  5 |
---------------+----------------+-----
Armour         | 1 |  1.6
Polearms       | 4 5 |  5.3
Dodging        | 3 |  3.3
Fighting       | 4 |  4.2
Invocations    | 3 |  3.6

Action                   |  1- 3 |  4- 6 || total
-------------------------+-------+-------++-------
Melee: Spear             |   101 |   278 ||   379
  Use: Potion            |       |     1 ||     1
 Stab: Sleeping          |     3 |       ||     3
       Distracted        |     1 |       ||     1
  Eat: Chunk             |       |     7 ||     7
Armor: Leather armour    |    26 |    36 ||    62
       Ring mail         |       |    36 ||    36
Dodge: Dodged            |    42 |   103 ||   145
